 Dungeon Crawl Stone Soup version 0.26-a0-663-g36e8fdb655 (webtiles) character file.

Game seed: 4792183339928454575

277 looop the Chiller (level 6, 24/41 HPs)
             Began as a Demonspawn Ice Elementalist on Oct 10, 2020.
             Quit the game in an ossuary.
             The game lasted 00:08:11 (3754 turns).

looop the Chiller (Demonspawn Ice Elementalist)     Turns: 3754, Time: 00:08:12

Health: 24/41      AC:  6    Str:  9    XL:     6   Next: 4%
Magic:  5/11       EV: 12    Int: 18    God:
Gold:   136        SH:  0    Dex: 13    Spells: 1/12 levels left

rFire    . . .     SeeInvis .   a - +0 spear (venom)
rCold    . . .     Faith    .   (no shield)
rNeg     + . .     Spirit   .   l - +0 robe
rPois    .         Reflect  .   (helmet restricted)
rElec    .         Harm     .   (no cloak)
rCorr    .         Rampage  .   (no gloves)
MR       +....                  (no boots)
Stlth    ++........             (no amulet)
HPRegen  0.13/turn              b - ring of protection from magic
MPRegen  0.12/turn              r - ring of positive energy

@: no status effects
A: antennae 1, iridescent scales 2, rot immunity
a: no special abilities


You were in an ossuary.
You visited 1 branch of the dungeon, and saw 4 of its levels.
You also visited: Ossuary.

You collected 136 gold pieces.

Inventory:

Hand Weapons
 a - a +0 spear of venom (weapon)
Missiles
 c - 171 stones (quivered)
 q - 6 datura-tipped darts
Armour
 k - a +2 tower shield
 l - a +0 robe (worn)
Jewellery
 b - a ring of protection from magic (left hand)
 r - a ring of positive energy (right hand)
Wands
 p - a wand of disintegration (12)
Scrolls
 h - 3 scrolls of teleportation
 i - a scroll of enchant armour {unknown}
 n - a scroll of fog {unknown}
Potions
 d - 4 potions of might {unknown}
 g - a potion of resistance
 j - 2 potions of stabbing
 m - 2 potions of berserk rage {unknown}
 o - a potion of flight {unknown}


   Skills:
 - Level 1.7 Dodging
 - Level 1.7 Stealth
 + Level 3.7 Spellcasting
 * Level 5.8 Ice Magic


You had one spell level left.
You knew the following spells:

 Your Spells              Type           Power        Failure   Level
a - Freeze                Ice            ###.         1%          1
b - Frozen Ramparts       Ice            ###...       4%          3
c - Ozocubu's Armour      Ice            ###.....     4%          3
d - Hailstorm             Conj/Ice       ##......     41%         4

Your spell library contained the following spells:

 Spells                   Type           Power        Failure   Level
 Summon Ice Beast         Ice/Summ       ##......     41%         4


Dungeon Overview and Level Annotations

Branches:
Dungeon (4/15)            Ossuary (1/1)
 Temple: D:4-7

Altars:
Qazlal

Annotations:
D:3 3 runed translucent doors, SkiChan's ghost, amateur NaTm


Innate Abilities, Weirdness & Mutations

You have a pair of small antennae on your head.
You are mostly covered in iridescent scales. (AC +4)
You are immune to rotting.


Message History

You hit the big kobold zombie but do no damage.
The big kobold zombie is almost destroyed.
Your icy armour starts to melt.
The big kobold zombie resists.
The wall freezes the big kobold zombie.
The big kobold zombie misses you.
You hit the big kobold zombie.
The big kobold zombie is almost destroyed.
The big kobold zombie resists.
The wall freezes the big kobold zombie.
The big kobold zombie barely misses you.
You hit the big kobold zombie.
You destroy the big kobold zombie!
You have reached level 6!
Your experience leads to an increase in your attributes!
Increase (S)trength, (I)ntelligence, or (D)exterity?
You feel clever.
Your demonic ancestry asserts itself...
You feel immune to rotting.
Your icy armour cracks and falls away as you move.
The frozen ramparts melt away.
There is an open door here.
Are you sure you want to abandon this character and quit the game? (Confirm with "yes".)

#^^.#
#'###
#...#
#...#
#...#
#...#
###'#####
#^.^#...+
#^^^@...#
#^^^#...#
#########


There were no monsters in sight!

Vanquished Creatures
  Purgy (D:3)
  A water moccasin zombie (Ossuary)
  2 big kobold zombies (Ossuary)
  An ooze (D:3)
  3 adder zombies (Ossuary)
  2 worms (D:2)
  2 dart slugs
  2 leopard geckos
  3 orcs
  7 bats
  5 giant cockroaches
  7 goblins
  9 hobgoblins
  2 jackals (D:2)
  8 kobolds
  3 quokkas
  A ball python (D:1)
  3 frilled lizards
  2 gnoll zombies (Ossuary)
  2 hobgoblin zombies (Ossuary)
  2 kobold zombies (Ossuary)
  2 rats
70 creatures vanquished.

Vanquished Creatures (others)
  An orc zombie (Ossuary)
  9 plants (D:1)
10 creatures vanquished.

Grand Total: 80 creatures vanquished

Notes
Turn   | Place    | Note
-------+----------+-------------------------------------------
     0 | D:1      | looop the Demonspawn Ice Elementalist began the quest for
                  | the Orb.
     0 | D:1      | Reached XP level 1. HP: 13/13 MP: 3/3
   458 | D:1      | Gained mutation: You are partially covered in iridescent
                  | scales. (AC +2) [demonic ancestry]
   458 | D:1      | Reached XP level 2. HP: 19/19 MP: 3/5
   594 | D:1      | Reached skill level 4 in Ice Magic
  1208 | D:2      | Gained mutation: You have a pair of small antennae on your
                  | head. [demonic ancestry]
  1208 | D:2      | Reached XP level 3. HP: 23/24 MP: 3/6
  1757 | D:2      | Found a stormy altar of Qazlal.
  2035 | D:3      | Reached XP level 4. HP: 29/30 MP: 8/8
  2383 | D:3      | Found a runed translucent gate.
  2383 | D:3      | Found a runed translucent gate.
  2383 | D:3      | Found a runed translucent gate.
  2463 | D:3      | Noticed SkiChan's ghost (amateur NaTm)
  2632 | D:3      | Noticed Purgy
  2640 | D:3      | Killed Purgy
  2640 | D:3      | Reached skill level 5 in Ice Magic
  2640 | D:3      | Gained mutation: You are mostly covered in iridescent
                  | scales. (AC +4) [demonic ancestry]
  2640 | D:3      | Reached XP level 5. HP: 10/35 MP: 1/10
  2645 | D:3      | Learned a level 3 spell: Frozen Ramparts
  2649 | D:3      | Learned a level 3 spell: Ozocubu's Armour
  3228 | D:4      | Found a sand-covered staircase.
  3240 | Ossuary  | Entered an ossuary
  3715 | Ossuary  | Learned a level 4 spell: Hailstorm
  3752 | Ossuary  | Gained mutation: You are immune to rotting. [demonic
                  | ancestry]
  3752 | Ossuary  | Reached XP level 6. HP: 24/41 MP: 5/11
  3754 | Ossuary  | Quit the game

Illustrated notes

Levels and vault maps discovered:
D:1:      tarquinn_simple_flora_water_a, layout_rooms
D:2:      layout_basic, overflow_temple_1_default, grunt_ministairs_14
D:3:      layout_basic, gammafunk_ghost_icy, uniq_purgy
D:4:      layout_loops_ring, minmay_temple_entry_crystal_x, serial_shops,
          nicolae_shop_waterfront, lightli_ossuary_entry_decrepit_ruins,
          uniq_eustachio
Ossuary:  ossuary_tomb_2

Skill      XL: |  1  2  3  4 |
---------------+-------------+-----
Ice Magic      | 4 5 |  5.8
Spellcasting   | 3 |  3.7
Dodging        | |  1.7
Stealth        | |  1.7

Action                   |  1- 3 |  4- 6 || total
-------------------------+-------+-------++-------
Melee: Whip              |    62 |       ||    62
       Spear             |    71 |   152 ||   223
 Cast: Freeze            |    15 |     7 ||    22
       Frozen Ramparts   |       |     6 ||     6
       Ozocubu's Armour  |       |     3 ||     3
  Use: Scroll            |       |     4 ||     4
       Potion            |       |     1 ||     1
 Stab: Sleeping          |    11 |     3 ||    14
       Distracted        |       |     1 ||     1
Armor: Robe              |    30 |    60 ||    90
Dodge: Dodged            |   109 |    91 ||   200

Table legend: (Time is in decaauts)
 A = Elapsed time spent in this place.
 B = Non-inter-level travel time spent in this place.
 C = Inter-level travel time spent in this place.
 D = Time resting spent in this place.
 E = Time spent auto-exploring this place.
 F = Levels seen in this place.
 G = Mean time per level.
                   A        B        C        D        E       F      G
               +--------+--------+--------+--------+--------+-----+--------+
         Total |   3778 |   3664 |    114 |    390 |   2597 |   5 |  755.6 |
       Dungeon |   3253 |   3139 |    114 |    114 |   2505 |   4 |  813.2 |
       Ossuary |    524 |    524 |      0 |    276 |     92 |   1 |  524.0 |
               +--------+--------+--------+--------+--------+-----+--------+

Top non-repeatable levels by time:
     D:3: 1269 daAuts
     D:1: 1023 daAuts
     D:2: 937 daAuts
 Ossuary: 524 daAuts
     D:4: 23 daAuts
